 Dungeon Crawl Stone Soup version 0.25.1-2-g60ff931df9 (console) character file.

Game seed: 131412599873759036

257 Colgate the Ducker (level 5, -9/34 HPs)
             Began as a Demonspawn Gladiator on Aug 25, 2020.
             Was an Initiate of Hepliaklqana.
             Mangled by an ice beast (14 damage)
             ... on level 6 of the Dungeon.
             The game lasted 00:34:30 (2592 turns).

Colgate the Ducker (Demonspawn Gladiator)           Turns: 2592, Time: 00:34:30

Health: -9/34      AC:  4    Str: 15    XL:     5   Next: 93%
Magic:  5/5        EV: 14    Int: 15    God:    Hepliaklqana [......]
Gold:   116        SH:  4    Dex: 21    Spells: 4/4 levels left

rFire    . . .     SeeInvis .   a - +4 spear
rCold    . . .     Gourm    .   r - +0 buckler
rNeg     . . .     Faith    .   g - +0 leather armour
rPois    .         Spirit   .   x - +0 helmet
rElec    .         Reflect  .   (no cloak)
rCorr    .         Harm     .   (no gloves)
MR       .....                  (no boots)
Stlth    ++........             (no amulet)
HPRegen  0.11/turn              t - +6 ring of intelligence
MPRegen  0.09/turn              y - +6 ring of dexterity (curse)

@: no status effects
A: reduced essence, talons 2, demonic guardian 1
a: Recall Ancestor, Ancestor Identity, Renounce Religion


You were on level 6 of the Dungeon.
You worshipped Hepliaklqana.
Hepliaklqana was noncommittal.
You were not hungry.

You visited 1 branch of the dungeon, and saw 4 of its levels.

You collected 116 gold pieces.

Inventory:

Hand Weapons
 a - a +4 spear (weapon)
 b - a +0 hunting sling
 o - a +0 quarterstaff
Missiles
 d - 3 throwing nets
 e - 50 stones
 m - 25 poisoned darts (quivered)
 n - 17 sling bullets
 w - 51 bolts
Armour
 g - a +0 leather armour (worn)
 j - a +0 robe
 r - a +0 buckler (worn)
 v - a +0 pair of boots
 x - a +0 helmet (worn)
Jewellery
 t - a +6 ring of intelligence (left hand)
 y - a cursed +6 ring of dexterity (right hand)
Scrolls
 c - a scroll of magic mapping {unknown}
 p - 3 scrolls of identify {unknown}
 q - 4 scrolls of remove curse {unknown}
 u - a scroll of random uselessness {unknown}
 A - a scroll of enchant armour {unknown}
Potions
 h - 3 potions of curing {unknown}
 i - 2 potions of brilliance {unknown}
 k - 3 potions of flight {unknown}
 s - 2 potions of haste {unknown}
 z - a potion of might {unknown}
Comestibles
 f - 8 rations
 l - 3 chunks of flesh


   Skills:
 - Level 2.0 Fighting
 + Level 1.0(2.1) Polearms
 - Level 3.0(3.1) Staves
 - Level 2.5(2.8) Slings
 - Level 1.7(2.4) Throwing
 - Level 2.8 Armour
 - Level 4.0 Dodging


You had 4 spell levels left.
You didn't know any spells.
Your spell library was empty.

Dungeon Overview and Level Annotations

Branches:
Dungeon (3/15)

Altars:
Hepliaklqana
Qazlal

Annotations:
D:6 1 transporter


Innate Abilities, Weirdness & Mutations

You have razor-sharp toenails.
A weak demonic guardian rushes to your aid.
Your life essence is reduced to manifest your ancestor. (-10% HP)


Message History

Found a lead wand and a pair of gloves.
The ogre shouts!
The ice beast hits you. The ice beast freezes you!
* * * LOW HITPOINT WARNING * * *
Your white imp barely misses the ice beast.
Dlagair emerges from the mists of memory!
Your white imp misses the ice beast.
Something closely misses Dlagair.
Found 12 gold pieces.
A giant cockroach comes into view.
Your quasit bites the ice beast but does no damage.
Your quasit claws the ice beast but does no damage. x2
Found 20 stones.
Found a stone staircase leading up.
Your quasit barely misses the ice beast. x3
Found a stone staircase leading down.
There is a stone staircase leading up here.
The ice beast hits you.
* * * LOW HITPOINT WARNING * * *
The ice beast freezes you!
You die...

##.###.#
.##. #.# #R#
### #.# #5#
#.# #.# .
###.###.###
.
#...R..5..#
..
#...###.#s#
#...# #.#.#
#5..# #.# .
####Y..###$.
..
#..@.......#
..
#........#.#
...
#....(......
#......#....
#......#####
#.......
#.....>..
#......###


You could see the friendly Dlagair the ancestor, an ice beast and a friendly
quasit (summoned).

Vanquished Creatures
  A hippogriff (D:6)
  A quasit (D:6)
  3 adders
  3 worms (D:2)
  A dart slug (D:1)
  4 leopard geckos
  A giant cockroach (D:1)
  9 goblins
  5 hobgoblins
  5 jackals (D:1)
  11 kobolds
  7 bats
  11 rats
62 creatures vanquished.

Vanquished Creatures (collateral kills)
  A dart slug (D:3)
  A kobold (D:3)
2 creatures vanquished.

Vanquished Creatures (others)
  An ogre (D:6)
  An ancestor (D:6)
2 creatures vanquished.

Grand Total: 66 creatures vanquished

Notes
Turn   | Place    | Note
-------+----------+-------------------------------------------
     0 | D:1      | Colgate the Demonspawn Gladiator began the quest for the
                  | Orb.
     0 | D:1      | Reached XP level 1. HP: 16/16 MP: 1/1
   192 | D:1      | Reached skill level 3 in Dodging
   192 | D:1      | Gained mutation: You have sharp toenails. [demonic
                  | ancestry]
   192 | D:1      | Reached XP level 2. HP: 18/22 MP: 2/2
   566 | D:1      | Reached XP level 3. HP: 27/27 MP: 3/3
  1419 | D:2      | Reached skill level 4 in Dodging
  1702 | D:2      | Reached skill level 1 in Slings
  1771 | D:2      | Gained mutation: You have razor-sharp toenails. [demonic
                  | ancestry]
  1771 | D:2      | Reached XP level 4. HP: 23/33 MP: 4/4
  1954 | D:2      | Reached skill level 1 in Polearms
  2213 | D:3      | Found a hazy altar of Hepliaklqana.
  2237 | D:3      | Became a worshipper of Hepliaklqana the Forgotten
  2442 | D:3      | Found a stormy altar of Qazlal.
  2447 | D:3      | You fall into a shaft and drop 3 floors!
  2447 | D:6      | Found a transporter.
  2478 | D:6      | Killed an ogre
  2527 | D:6      | Noticed a phantom
  2528 | D:6      | Noticed an ice beast
  2528 | D:6      | Noticed a hippogriff
  2540 | D:6      | Gained mutation: A weak demonic guardian rushes to your
                  | aid. [demonic ancestry]
  2540 | D:6      | Reached XP level 5. HP: 28/34 MP: 5/5
  2564 | D:6      | Killed a hippogriff
  2571 | D:6      | Noticed an ogre
  2592 | D:6      | Mangled by an ice beast

Illustrated notes

Levels and vault maps discovered:
D:1:      giann_forest_graveyard, layout_basic, serial_forest,
          infiniplex_forest_end_1, infiniplex_forest_lined_4_way,
          infiniplex_forest_straight_3, infiniplex_forest_end_1,
          infiniplex_forest_clump_diagonal, infiniplex_forest_fountain,
          infiniplex_forest_lined_4_way, infiniplex_forest_end_2,
          minmay_misc_feat_room, minmay_pentomino_v4
D:2:      layout_loops_ring
D:3:      layout_basic, grunt_qazlal_sundering, old_standard_altar, uniq_jessica
D:6:      gammafunk_steamed_eel, layout_rooms, fiery_altar_vehumet,
          tso_metal_star

Skill      XL: |  1  2  3  4  5 |
---------------+----------------+-----
Staves         | 3 |  3.0
Dodging        | 3 4 |  4.0
Slings         | 1 2 |  2.5
Polearms       | 1 |  1.0
Armour         | 2 |  2.8
Fighting       | |  2.0
Throwing       | |  1.7

Action                   |  1- 3 |  4- 6 || total
-------------------------+-------+-------++-------
Melee: Quarterstaff      |    39 |       ||    39
       Kick              |     5 |     6 ||    11
       Spear             |    32 |    42 ||    74
 Fire: Hunting sling     |    67 |    25 ||    92
Throw: Dart              |     1 |     1 ||     2
Invok: Recall Ancestor   |       |     1 ||     1
       Ancestor Identity |       |     1 ||     1
 Stab: Distracted        |     1 |       ||     1
  Eat: Chunk             |     3 |     2 ||     5
Armor: Robe              |    11 |       ||    11
       Leather armour    |     6 |     9 ||    15
Dodge: Dodged            |    41 |    17 ||    58
Block: Buckler           |     2 |     4 ||     6
